 Dungeon Crawl Stone Soup version 0.19.1-1-g22dce08 (webtiles) character file.

9539 Queen the Fencer (level 11, -5/82 HPs)
             Began as a Minotaur Berserker on Jan 16, 2017.
             Was an Elder of Trog.
             Slain by a fire elemental (10 damage)
             ... on level 10 of the Dungeon.
             The game lasted 00:58:47 (10903 turns).

Queen the Fencer (Minotaur Berserker)              Turns: 10903, Time: 00:58:48

Health: -5/82      AC: 19    Str: 23    XL:     11   Next: 24%
Magic:  10/10      EV: 10    Int:  4    God:    Trog [****..]
Gold:   568        SH:  0    Dex: 12    Spells: 0 memorised, 10 levels left

rFire  . . .     SeeInvis .     v - +0 long sword
rCold  . . .     Gourm    +     w - +4 plate armour
rNeg   . . .     Faith    .     (no shield)
rPois  .         Spirit   .     (helmet restricted)
rElec  .         Reflect  .     (no cloak)
rCorr  .         Harm     .     (no gloves)
MR     +....                    (no boots)
Stlth  ..........               t - amulet of the gourmand
                                u - +2 ring of evasion
                                f - ring of protection from magic

@: confused, exhausted, slowed, very slow
A: retaliatory headbutt, horns 2
a: Berserk, Trog's Hand, Brothers in Arms, Burn Spellbooks, Renounce Religion


You were on level 10 of the Dungeon.
You worshipped Trog.
Trog was greatly pleased with you.
You were very full.

You visited 2 branches of the dungeon, and saw 11 of its levels.
You also visited: Bailey.

You collected 568 gold pieces.

Inventory:

Hand Weapons
 v - a +0 long sword (weapon)
Missiles
 o - 16 javelins of returning
 J - 3 steel javelins
 M - 8 tomahawks (quivered)
Armour
 w - a +4 plate armour (worn)
Jewellery
 a - an uncursed ring of resist corrosion
 f - a ring of protection from magic (left hand)
 h - an uncursed ring of protection from cold
 t - an amulet of the gourmand (around neck)
 u - a +2 ring of evasion (right hand)
 O - a +4 ring of dexterity
Wands
 A - a wand of flame (14/48)
Scrolls
 e - 4 scrolls of teleportation
 g - 4 scrolls of remove curse
 m - 2 scrolls of fear {unknown}
 p - 2 scrolls of recharging {unknown}
 q - a scroll of immolation {unknown}
 s - a scroll of identify
 x - a scroll of torment {unknown}
 y - 2 scrolls of random uselessness {unknown}
 z - a scroll of noise {unknown}
 B - a scroll of summoning {unknown}
 C - 6 scrolls of enchant weapon {unknown}
 E - a scroll of blinking {unknown}
 L - a scroll of magic mapping {unknown}
 P - a scroll of enchant armour
Potions
 b - 3 potions of agility
 d - 3 potions of magic
 j - a potion of ambrosia
 k - 7 potions of curing
 n - a potion of cancellation
 F - 3 potions of flight {unknown}
 G - 2 potions of heal wounds
 K - 2 potions of mutation {unknown}
 N - a potion of degeneration {unknown}
Books
 H - a book of Minor Magic

   Spells                             Type                      Level
   a - Magic Dart                     Conjuration                  1
   b - Blink                          Translocation                2
   c - Call Imp                       Summoning                    2
   d - Repel Missiles                 Charms/Air                   2
   e - Slow                           Hexes                        2
   f - Conjure Flame                  Conjuration/Fire             3
   g - Mephitic Cloud                 Conjuration/Poison/Air       3
   Trog disapproves of the use of such an item.
Comestibles
 c - 7 bread rations
 i - 3 meat rations
 l - 2 slices of pizza
 r - a royal jelly
 D - 6 beef jerkies


   Skills:
 - Level 3.6 Fighting
 - Level 17.0 Long Blades
 + Level 11.1 Armour
 - Level 2.1 Dodging


You had 10 spell levels left.
You didn't know any spells.

Dungeon Overview and Level Annotations

Branches:
Dungeon (10/15)            Temple (1/1) D:7            Lair (0/6) D:9
    Orc: D:9-12

Altars:
Ashenzari
Elyvilon
Kikubaaqudgha
Makhleb
Nemelex Xobeh
Okawaru
Qazlal
Ru
Sif Muna
Trog
Uskayaw
Xom
Zin
Beogh

Shops:
D:5 =


Innate Abilities, Weirdness & Mutations

You reflexively headbutt those who attack you in melee.
You have a pair of horns on your head.


Message History

You feel yourself slow down.
You feel the effects of Trog's Hand fading.
You are confused.
You feel invigorated. The fire elemental hits you.
The fire elemental burns you!
* * * LOW HITPOINT WARNING * * *
The fire elemental hits you. The fire elemental burns you!
* * * LOW HITPOINT WARNING * * *
The fire elemental hits you. The fire elemental burns you!
* * * LOW HITPOINT WARNING * * *
The fire elemental hits you. The fire elemental burns you!
* * * LOW HITPOINT WARNING * * *
The fire elemental hits you. The fire elemental burns you!
* * * LOW HITPOINT WARNING * * *
Your skin stops crawling.
You feel less resistant to hostile enchantments.
The fire elemental hits you. The fire elemental burns you!
* * * LOW HITPOINT WARNING * * *
The fire elemental hits you. The fire elemental burns you!
You die...

.##..###.## ##.>..#
.##........ ##.#.#
.##...##.# #.#.# .......<.##
#.# .#....##.. #.#
.#....##.# # #.#
.#....##.##.# #.# #
............########.##...#
.........#####..@EEE.......#
............#..####§####....
#.......).....## §§§≈ .#
#......)∩)..#.# ≈≈§≈E§§
........)...#.# ≈≈###≈§§#
#.#.#.........#§≈# #§§#
......######..#≈≈ §§#
###.### ##.#≈ ≈# #. #.#


You could see 3 fire elementals.

Vanquished Creatures
  A deep elf mage (D:8)
  An elephant (D:9)
  Joseph (D:8)
  The ghost of Jynx the Arsonist, a novice DEFE (D:6)
  Maurice (D:8)
  Psyche (D:8)
  Prince Ribbit (D:6)
  A hippogriff (D:9)
  Sigmund (D:6)
  A wyvern (D:10)
  Grum (D:8)
  5 fire elementals (D:10)
  4 yaks
  11 orc warriors
  A phantom (D:9)
  2 sky beasts
  A necrophage (D:7)
  6 ogres
  3 crocodiles
  4 wolves (D:8)
  13 centaurs
  A big kobold (D:8)
  4 bullfrogs
  A wyvern skeleton (D:8)
  A scorpion (D:4)
  5 killer bees (D:10)
  A water moccasin zombie (D:6)
  A jelly (D:5)
  4 crimson imps
  3 hounds
  7 orc priests
  A bullfrog skeleton (D:5)
  5 iguanas
  7 orc wizards
  7 worker ants
  A hound zombie (D:5)
  2 worker ant zombies
  12 adders
  4 gnolls
  3 shadow imps
  An ooze (D:4)
  An adder zombie (D:7)
  An adder skeleton (D:8)
  2 worms (D:2)
  2 leopard geckos
  62 orcs
  A ball python (D:2)
  5 bats
  4 giant cockroaches
  9 goblins
  5 hobgoblins
  3 quokkas
  A ball python skeleton (D:6)
  9 frilled lizards
  11 kobolds
  A leopard gecko skeleton (D:4)
  2 quokka skeletons
  7 rats
258 creatures vanquished.

Notes
Turn   | Place    | Note
-------+----------+-------------------------------------------
     0 | D:1      | Queen the Minotaur Berserker began the quest for the Orb.
     0 | D:1      | Reached XP level 1. HP: 19/19 MP: 0/0
   150 | D:1      | HP: 1/28 [gnoll/whip (7)]
   151 | D:1      | Reached skill level 4 in Long Blades
   151 | D:1      | Reached XP level 2. HP: 1/26 MP: 1/1
   912 | D:2      | Reached skill level 5 in Long Blades
   976 | D:2      | Reached XP level 3. HP: 29/31 MP: 2/2
   991 | D:2      | Reached ** piety under Trog
  1185 | D:2      | Found a faded altar of an unknown god.
  1185 | D:2      | Found a shimmering altar of Xom.
  1192 | D:2      | Found a faded altar of an unknown god.
  1194 | D:2      | Found a faded altar of an unknown god.
  1196 | D:2      | Found a faded altar of an unknown god.
  1320 | D:2      | Found a stormy altar of Qazlal.
  1541 | D:3      | Reached XP level 4. HP: 12/39 MP: 3/3
  1550 | D:3      | Reached skill level 6 in Long Blades
  2111 | D:3      | Reached XP level 5. HP: 42/45 MP: 4/4
  2183 | D:3      | Reached skill level 7 in Long Blades
  2539 | D:3      | Reached *** piety under Trog
  2686 | D:3      | Found a roughly hewn altar of Beogh.
  2874 | D:4      | Reached skill level 8 in Long Blades
  2879 | D:4      | Reached XP level 6. HP: 40/51 MP: 5/5
  3005 | D:4      | Found a shattered altar of Ashenzari.
  3040 | D:4      | Reached skill level 9 in Long Blades
  3321 | D:4      | Reached XP level 7. HP: 37/57 MP: 6/6
  3428 | D:4      | Found a burning altar of Makhleb.
  3482 | D:4      | Reached skill level 10 in Long Blades
  3561 | D:4      | Found a stormy altar of Qazlal.
  3561 | D:4      | Found an ancient bone altar of Kikubaaqudgha.
  3940 | D:5      | Entered Level 5 of the Dungeon
  3955 | D:5      | Found Lang's Jewellery Boutique.
  4130 | D:5      | Reached skill level 11 in Long Blades
  4198 | D:5      | Reached XP level 8. HP: 62/64 MP: 7/7
  4210 | D:5      | Found an iron altar of Okawaru.
  4420 | D:5      | Reached skill level 12 in Long Blades
  4615 | D:6      | Noticed Jynx's ghost (novice DEFE)
  4637 | D:6      | Killed Jynx's ghost
  4929 | D:6      | Reached skill level 13 in Long Blades
  4953 | D:6      | Noticed Sigmund
  4975 | D:6      | Killed Sigmund
  5130 | D:6      | Reached XP level 9. HP: 70/70 MP: 8/8
  5200 | D:6      | Noticed Prince Ribbit
  5216 | D:6      | Killed Prince Ribbit
  5216 | D:6      | Reached skill level 14 in Long Blades
  5591 | D:7      | Reached **** piety under Trog
  5673 | D:7      | Found a sparkling altar of Nemelex Xobeh.
  5674 | D:7      | Found a white marble altar of Elyvilon.
  5730 | D:7      | Received a gift from Trog
  5745 | D:7      | Reached skill level 15 in Long Blades
  5867 | D:7      | Found a staircase to the Ecumenical Temple.
  5875 | Temple   | Entered the Ecumenical Temple
  6238 | D:8      | Noticed a deep elf mage
  6244 | D:8      | Killed a deep elf mage
  6362 | D:8      | Received a gift from Trog
  6480 | D:8      | Noticed Maurice
  6493 | D:8      | Killed Maurice
  6493 | D:8      | Reached skill level 16 in Long Blades
  6584 | D:8      | Noticed Joseph
  6602 | D:8      | Killed Joseph
  6602 | D:8      | Reached XP level 10. HP: 76/77 MP: 9/9
  6742 | D:8      | Noticed Grum
  6770 | D:8      | Killed Grum
  7066 | D:8      | Noticed Psyche
  7374 | D:8      | Killed Psyche
  7374 | D:8      | Reached skill level 17 in Long Blades
  7573 | D:9      | Noticed an elephant
  7573 | D:9      | Found a staircase to the Lair.
  7648 | D:9      | Killed an elephant
  7686 | D:9      | Reached skill level 5 in Armour
  7887 | D:9      | Received a gift from Trog
  8055 | D:9      | Noticed a lindwurm
  8385 | D:9      | Noticed a lindwurm
  8432 | D:10     | Entered Level 10 of the Dungeon
  8947 | D:10     | Found a flagged portal.
  8976 | Bailey   | Entered a bailey
  9367 | Bailey   | Reached XP level 11. HP: 56/82 MP: 10/10
 10272 | Bailey   | Reached skill level 10 in Armour
 10903 | D:10     | Slain by a fire elemental

Skill      XL: |  1  2  3  4  5  6  7  8  9 10 11 |
---------------+----------------------------------+-----
Long Blades    | 4 5 6 8 9 11 13 16 17 | 17.0
Armour         | 9 11 | 11.1
Fighting       | |  3.6
Dodging        | |  2.1

Action                   |  1- 3 |  4- 6 |  7- 9 | 10-12 || total
-------------------------+-------+-------+-------+-------++-------
Melee: Falchion          |    66 |   198 |    42 |       ||   306
       Headbutt          |    11 |    36 |    68 |   104 ||   219
       Long sword        |       |       |   236 |   409 ||   645
Throw: Tomahawk          |       |       |     1 |    34 ||    35
       Javelin           |       |       |       |    19 ||    19
Invok: Berserk           |     1 |     1 |     3 |     2 ||     7
       Trog's Hand       |       |     5 |     3 |     5 ||    13
  Use: Scroll            |     4 |       |    13 |     2 ||    19
       Potion            |       |       |       |     1 ||     1
 Stab: Sleeping          |     1 |       |       |       ||     1
  Eat: Chunk             |     3 |     9 |    25 |    16 ||    53
Armor: Animal skin       |     1 |       |       |       ||     1
       Ring mail         |     5 |    20 |    20 |       ||    45
       Chain mail        |    26 |    32 |       |       ||    58
       Scale mail        |       |    36 |       |       ||    36
       Plate armour      |       |       |    74 |   240 ||   314
Dodge: Dodged            |    27 |    76 |   102 |   218 ||   423
       Rpst.: Falchion   |     8 |    16 |     7 |       ||    31
       Long sword        |       |       |    23 |    39 ||    62
